 Dungeon Crawl Stone Soup version 0.20.1-1-g8b1a95d (webtiles) character file.

5573 troglodite the Skirmisher (level 10, -1/79 HPs)
             Began as a Demonspawn Berserker on Dec 11, 2017.
             Was a High Priest of Trog.
             Slain by a catoblepas (20 damage)
             ... on level 10 of the Dungeon.
             The game lasted 00:35:34 (9167 turns).

troglodite the Skirmisher (Demonspawn Berserker)    Turns: 9167, Time: 00:35:35

Health: -1/79      AC: 10    Str: 17    XL:     10   Next: 44%
Magic:  10/10      EV: 14    Int: 10    God:    Trog [*****.]
Gold:   763        SH:  0    Dex: 17    Spells: 9/9 levels left

rFire    . . .     SeeInvis +   s - +4 short sword (speed)
rCold    + + .     Gourm    .   (no shield)
rNeg     . . .     Faith    .   C - +1 ring mail {rC+}
rPois    .         Spirit   .   (helmet restricted)
rElec    .         Reflect  .   w - +0 cloak
rCorr    .         Harm     .   (no gloves)
MR       .....                  j - +0 pair of boots
Stlth    ++++......             k - amulet of regeneration
Regen    0.7/turn               L - ring of protection from cold
MPRegen  0.2/turn               e - ring of see invisible

@: berserk cooldown, slowed, drained, very slow
A: antennae 2, thin skeletal structure 1, demonic guardian 1, nightstalker 1
a: Berserk, Trog's Hand, Brothers in Arms, Burn Spellbooks, Renounce Religion


You were on level 10 of the Dungeon.
You worshipped Trog.
Trog was extremely pleased with you.
You were very hungry.

You visited 1 branch of the dungeon, and saw 10 of its levels.

You collected 763 gold pieces.

Inventory:

Hand Weapons
 a - a +0 falchion
 s - a +4 short sword of speed (weapon)
Armour
 j - a +0 pair of boots (worn)
 w - a +0 cloak (worn)
 C - a +1 ring mail of cold resistance (worn)
 F - a +0 chain mail
Jewellery
 e - a ring of see invisible (right hand)
 k - an amulet of regeneration (around neck)
 m - a +2 ring of intelligence
 n - an uncursed amulet of guardian spirit {unknown}
 L - a ring of protection from cold (left hand)
Wands
 v - a wand of polymorph (9/24)
 B - a wand of random effects (17/48)
 M - a wand of confusion (35/48)
Scrolls
 b - 2 scrolls of blinking {unknown}
 d - 3 scrolls of fear {unknown}
 h - a scroll of noise {unknown}
 l - 2 scrolls of identify
 o - 5 scrolls of amnesia {unknown}
 r - 3 scrolls of teleportation {unknown}
 x - a scroll of enchant armour {unknown}
 y - 2 scrolls of remove curse {unknown}
 H - a scroll of magic mapping {unknown}
 I - 2 scrolls of recharging {unknown}
Potions
 g - 2 potions of brilliance
 i - 6 potions of lignification
 p - a potion of mutation
 q - 2 potions of might
 t - 3 potions of agility
 u - 2 potions of flight
 A - 2 potions of curing
 D - 2 potions of haste
 G - 2 potions of heal wounds
 J - a potion of invisibility
Comestibles
 c - 11 bread rations
 f - 8 meat rations
 z - 3 fruits
 E - 2 royal jellies
 K - 4 chunks of flesh


   Skills:
 * Level 7.2(6.8) Fighting
 + Level 6.3(6.5) Short Blades
 + Level 3.9(5.3) Long Blades
 * Level 7.1(6.7) Armour
 * Level 5.9(5.6) Dodging
 * Level 6.8(6.5) Stealth


You had 9 spell levels left.
You didn't know any spells.

Dungeon Overview and Level Annotations

Branches:
Dungeon (10/15)            Temple (0/1) D:6             Orc (0/2) D:10
   Lair: D:8-11

Altars:
Hepliaklqana
Makhleb
Okawaru
Qazlal
Ru
Uskayaw
Xom
Yredelemnul
The Shining One

Shops:
D:8 %


Innate Abilities, Weirdness & Mutations

You have a pair of antennae on your head.
You have a somewhat thin skeletal structure. (Dex +2, Stealth)
A weak demonic guardian rushes to your aid.
You are slightly more attuned to the shadows.


Message History

The blast of calcifying dust hits you!
You are engulfed in calcifying dust.
The catoblepas gores you!!
You are engulfed in calcifying dust.
You are no longer berserk.
You feel yourself slow down. The catoblepas barely misses you.
You are engulfed in calcifying dust.
The catoblepas gores you!!
You turn to flesh and can move again.
You hit the catoblepas.
The catoblepas is almost dead.
The catoblepas gores you!
* * * LOW HITPOINT WARNING * * *
You hit the catoblepas but do no damage.
The catoblepas is almost dead.
The catoblepas breathes a plume of calcifying dust at you.
The blast of calcifying dust hits you!
* * * LOW HITPOINT WARNING * * *
The catoblepas breathes a plume of calcifying dust at you.
The blast of calcifying dust hits you! The catoblepas gores you!!
You die...

#
##......).....#.#..
###..........#.....
#
.............#.....#
###.......#..#####.#
.
.##.......#....#....
..
###########..#.#.#
.# ###.##.#.# ..#
....#§#§#...##
.##..#§Y@...(..
#.##..#†#....###
...........>...
.##..#.#.......
#............
#..........##
####.......#
..#####. ###


You could see a catoblepas.

Vanquished Creatures
  A two-headed ogre (D:8)
  The ghost of bmj180 the Cleaver, a novice HOFi of Okawaru (D:8)
  An ugly thing (D:8)
  The ghost of homeworkjunkie the Skirmisher, an amateur HOFi (D:4)
  The ghost of Gremour the Slasher, an amateur DsFi (D:3)
  A hungry ghost (D:8)
  A water moccasin (D:5)
  2 sky beasts
  3 ice beasts
  A phantom (D:6)
  An eye of draining (D:10)
  A necrophage (D:9)
  2 centaurs
  4 ogres
  A big kobold (D:10)
  2 bullfrogs (D:9)
  A water moccasin zombie (D:9)
  2 scorpions
  7 killer bees
  8 wights
  A crimson imp (D:10)
  2 hounds
  5 orc priests
  5 orc wizards
  A bullfrog skeleton (D:7)
  2 jellies
  Crazy Yiuf (D:7)
  2 centaur skeletons
  4 iguanas
  Ijyb (D:3)
  Natasha (thrice) (D:2)
  5 worker ants
  A hound zombie (D:9)
  A worker ant zombie (D:8)
  7 gnolls
  9 adders
  A shadow imp (D:5)
  5 oozes
  An adder skeleton (D:4)
  2 adder zombies
  A worm (D:2)
  3 dart slugs
  4 leopard geckos
  23 orcs
  A ball python (D:3)
  6 bats
  8 giant cockroaches
  5 goblins
  10 hobgoblins
  6 jackals
  3 quokkas
  8 frilled lizards
  7 kobolds
  3 quokka skeletons
  8 rats
  A spectral orc (D:5)
198 creatures vanquished.

Vanquished Creatures (collateral kills)
  2 ogres (D:8)
  2 killer bees (D:10)
  2 wights
  A worker ant (D:4)
  An adder (D:8)
  A jackal zombie (D:8)
  A kobold (D:3)
10 creatures vanquished.

Grand Total: 208 creatures vanquished

Notes
Turn   | Place    | Note
-------+----------+-------------------------------------------
     0 | D:1      | troglodite the Demonspawn Berserker began the quest for the Orb.
     0 | D:1      | Reached XP level 1. HP: 18/18 MP: 1/1
   367 | D:1      | Gained mutation: You are slightly more attuned to the shadows. [demonic ancestry]
   367 | D:1      | Reached XP level 2. HP: 14/24 MP: 2/2
  1317 | D:2      | Gained mutation: You have a pair of small antennae on your head. [demonic ancestry]
  1317 | D:2      | Reached XP level 3. HP: 27/29 MP: 3/3
  1324 | D:2      | Reached ** piety under Trog
  1356 | D:2      | Noticed Natasha
  1367 | D:2      | Killed Natasha
  1367 | D:2      | Gained mutation: You have a pair of antennae on your head. [demonic ancestry]
  1367 | D:2      | Reached XP level 4. HP: 26/36 MP: 4/4
  1372 | D:2      | Noticed Natasha
  1389 | D:2      | Killed Natasha
  1465 | D:2      | Noticed Natasha
  1472 | D:2      | Killed Natasha
  1638 | D:2      | Reached XP level 5. HP: 42/42 MP: 5/5
  2041 | D:3      | Found a glowing golden altar of the Shining One.
  2168 | D:3      | Noticed Gremour's ghost (amateur DsFi)
  2176 | D:3      | Killed Gremour's ghost
  2176 | D:3      | Reached skill level 1 in Stealth
  2176 | D:3      | Gained mutation: A weak demonic guardian rushes to your aid. [demonic ancestry]
  2176 | D:3      | Reached XP level 6. HP: 48/48 MP: 6/6
  2244 | D:3      | Noticed Ijyb
  2253 | D:3      | Killed Ijyb
  2263 | D:3      | Reached *** piety under Trog
  2827 | D:4      | Reached skill level 1 in Short Blades
  2827 | D:4      | Gained mutation: You have a somewhat thin skeletal structure. (Dex +2, Stealth) [demonic ancestry]
  2827 | D:4      | Reached XP level 7. HP: 36/55 MP: 7/7
  2923 | D:4      | Noticed homeworkjunkie's ghost (amateur HOFi)
  2931 | D:4      | Killed homeworkjunkie's ghost
  3234 | D:4      | Found an iron altar of Okawaru.
  3422 | D:4      | Found a stormy altar of Qazlal.
  3463 | D:4      | Reached skill level 5 in Fighting
  3626 | D:5      | Entered Level 5 of the Dungeon
  3630 | D:5      | Reached **** piety under Trog
  3648 | D:5      | Reached XP level 8. HP: 53/62 MP: 8/8
  3971 | D:5      | Reached skill level 5 in Armour
  4015 | D:5      | Found a hide-covered altar of Uskayaw.
  4358 | D:5      | Found a basalt altar of Yredelemnul.
  4720 | D:6      | Found a staircase to the Ecumenical Temple.
  4790 | D:6      | Found a hazy altar of Hepliaklqana.
  4955 | D:6      | Found a shimmering altar of Xom.
  5910 | D:7      | Found a runed door.
  5914 | D:7      | Noticed Crazy Yiuf
  5918 | D:7      | Killed Crazy Yiuf
  6192 | D:8      | Reached XP level 9. HP: 69/69 MP: 9/9
  6304 | D:8      | Reached ***** piety under Trog
  6396 | D:8      | Reached skill level 5 in Short Blades
  6475 | D:8      | Noticed a cyan ugly thing
  6488 | D:8      | Killed a cyan ugly thing
  6488 | D:8      | Reached skill level 5 in Dodging
  6488 | D:8      | Reached skill level 5 in Stealth
  6548 | D:8      | Found Maucef's Food Shop.
  6590 | D:8      | Noticed bmj180's ghost (novice HOFi)
  6591 | D:8      | Found a burning altar of Makhleb.
  6608 | D:8      | Killed bmj180's ghost
  6667 | D:8      | Noticed a two-headed ogre
  6680 | D:8      | Killed a two-headed ogre
  6680 | D:8      | Reached XP level 10. HP: 61/77 MP: 10/10
  7464 | D:9      | Found a sacrificial altar of Ru.
  8252 | D:10     | Entered Level 10 of the Dungeon
  9129 | D:10     | Found a staircase to the Orcish Mines.
  9132 | D:10     | Noticed a catoblepas
  9167 | D:10     | Slain by a catoblepas

Skill      XL: |  1  2  3  4  5  6  7  8  9 10 |
---------------+-------------------------------+-----
Long Blades    | 3 |  3.9
Dodging        | 2 3 4 5 |  5.9
Armour         | 2 3 4 5 6 7 |  7.1
Fighting       | 4 5 6 7 |  7.2
Stealth        | 1 2 3 6 |  6.8
Short Blades   | 1 2 4 5 6 |  6.3

Action                   |  1- 3 |  4- 6 |  7- 9 | 10-12 || total
-------------------------+-------+-------+-------+-------++-------
Melee: Falchion          |    87 |    61 |       |       ||   148
       Short sword       |       |    83 |   357 |   223 ||   663
Invok: Berserk           |       |     3 |     6 |     2 ||    11
       Burn Spellbooks   |       |       |     3 |       ||     3
  Use: Scroll            |       |     3 |     4 |     3 ||    10
 Stab: Sleeping          |     1 |     2 |    19 |     7 ||    29
       Distracted        |       |       |     1 |     1 ||     2
  Eat: Chunk             |     1 |     8 |    16 |     8 ||    33
       Royal jelly       |       |       |       |     1 ||     1
Armor: Animal skin       |    20 |       |       |       ||    20
       Ring mail         |    14 |    45 |    60 |    40 ||   159
Dodge: Dodged            |    78 |    74 |   130 |    98 ||   380
       Rpst.: Falchion   |    29 |    16 |       |       ||    45
